 Dungeon Crawl Stone Soup version 0.29-a0-1061-gbc57f8fbdb (webtiles) character file.

Game seed: 15146964530740902245

3860 nckisdnvfkl the Covert (level 9, -5/42 HPs)
             Began as a Spriggan Enchanter on Aug 18, 2022.
             Was a Follower of Dithmenos.
             Slain by an orc warlord (26 damage)
             ... in a bailey.
             The game lasted 00:17:23 (9198 turns).

nckisdnvfkl the Covert (Spriggan Enchanter)         Turns: 9198, Time: 00:17:29

Health: -5/42      AC:  6    Str: 14    XL:     9   Next: 99%
Magic:  21/33      EV: 18    Int: 17    God:    Dithmenos [*.....]
Gold:   390        SH:  0    Dex: 15    Spells: 16/28 levels left

rFire   + . .      SeeInvis +   i - +4 dagger of the Sharing Gods {vamp, rN+ Str+6}
rCold   . . .      Faith    .   (no shield)
rNeg    + . .      Spirit   .   b - +1 robe
rPois   .          Reflect  .   (helmet restricted)
rElec   .          Harm     .   x - +2 cloak
rCorr   .          Rampage  .   (gloves unavailable)
Will    ++...                   (boots unavailable)
Stlth   ++++++....              (no amulet)
HPRegen 0.14/turn               e - ring of magical power
MPRegen 0.23/turn               d - ring of protection from fire

@: wreathed by umbra, studying Fire Magic, very quick
A: very small, no large weapons, unfitting armour, see invisible, speed 3,
talons 1, strong-willed 1
a: Renounce Religion


You were in a bailey.
You worshipped Dithmenos.
Dithmenos was aware of your devotion.
You visited 2 branches of the dungeon, and saw 10 of its levels.
You also visited: Bailey.

You collected 390 gold pieces.

Inventory:

Hand Weapons
 i - the +4 dagger of the Sharing Gods (weapon) {vamp, rN+ Str+6}
   (You found it on level 4 of the Dungeon)

   It occasionally heals its wielder for a portion of the damage dealt when it
   wounds a living foe.
   Str:       It affects your strength (+6).
   rN:        It protects you from negative energy.
 y - a +1 dagger of venom
Missiles
 v - a throwing net (quivered)
Armour
 b - a +1 robe (worn)
 x - a +2 cloak (worn)
Jewellery
 d - a ring of protection from fire (right hand)
 e - a ring of magical power (left hand)
 f - a ring of protection from cold
 h - a ring of protection from fire
 w - a +6 ring of dexterity
 D - a ring of willpower
Wands
 g - a wand of mindburst (57)
 l - a wand of roots (18)
 r - a wand of flame (32)
 z - a wand of polymorph (12)
 A - a wand of charming (14)
 B - a wand of digging (1)
Scrolls
 a - 2 scrolls of identify
 j - 3 scrolls of brand weapon
 k - a scroll of poison
 o - 2 scrolls of teleportation
 s - a scroll of fear
 t - 2 scrolls of blinking
 u - 2 scrolls of butterflies
 C - 3 scrolls of magic mapping
 E - a scroll of vulnerability
 G - a scroll of summoning
Potions
 c - 2 potions of invisibility
 m - a potion of ambrosia
 n - a potion of flight
 p - a potion of haste
 q - 3 potions of brilliance
 F - a potion of magic


   Skills:
 + Level 1.7 Fighting
 + Level 2.8 Short Blades
 + Level 4.2 Dodging
 + Level 12.0 Stealth
 + Level 10.1 Spellcasting
 + Level 10.5 Hexes


You had 16 spell levels left.
You knew the following spells:

 Your Spells              Type           Power      Damage    Failure   Level
a - Ensorcelled Hibernat  Hex/Ice        52%        N/A       1%          2
b - Tukima's Dance        Hex            44%        N/A       1%          3
c - Dazzling Flash        Conj/Hex       52%        N/A       3%          3
d - Confusing Touch       Hex            44%        N/A       1%          3
e - Apportation           Tloc           16%        N/A       9%          1

Your spell library contained the following spells:

 Spells                   Type           Power      Damage    Failure   Level
 Inner Flame              Hex/Fire       26%        N/A       3%          3
 Foxfire                  Conj/Fire      32%        2x1d5     9%          1
 Necrotise                Necr           32%        1d5       9%          1
 Shock                    Conj/Air       32%        1d5       9%          1
 Summon Small Mammal      Summ           32%        N/A       9%          1
 Scorch                   Fire           16%        2d5       13%         2
 Static Discharge         Conj/Air       8%         3-4/arc   13%         2
 Conjure Flame            Conj/Fire      8%         6-21      26%         3
 Swiftness                Air            8%         N/A       26%         3
 Airstrike                Air            4%         2d(1-17)  63%         4
 Dispel Undead            Necr           8%         3d8       63%         4
 Flame Wave               Conj/Fire      8%         2d5       63%         4
 Sticky Flame             Conj/Fire      8%         2d3       63%         4
 Dispersal                Tloc           4%         N/A       100%        6
 Summon Cactus Giant      Summ           4%         N/A       100%        6
 Disjunction              Tloc           4%         N/A       100%        8


Dungeon Overview and Level Annotations

Branches:
Dungeon (9/15)             Temple (1/1) D:5          Bailey (1/1)
   Lair: D:8-11         Orc: D:9-12

Altars:
Ashenzari
Cheibriados
Dithmenos
Elyvilon
Fedhas
Gozag
Hepliaklqana
Kikubaaqudgha
Makhleb
Nemelex Xobeh
Okawaru
Qazlal
Ru
Sif Muna
Trog
Uskayaw
Vehumet
Wu Jian
Xom
Yredelemnul
Zin
The Shining One

Shops:
D:1 (   D:5 (

Annotations:
D:7 2 transporters


Innate Abilities, Weirdness & Mutations

You are very small and have problems with some larger weapons.
You are too small for most types of armour.
You have supernaturally acute eyesight. (SInv)
You cover ground extremely quickly. (Speed+++)
You have sharp toenails.
You are strong-willed. (Will+)


Message History

Casting: Tukima's Dance (safe; 1% risk of failure)
Confirm with . or Enter, or press ? or * to list all spells.
Your hands begin to glow red.
Your +7 broad axe hits the orc warlord!
You hit the orc warlord but do no damage.
You claw the orc warlord, but do no damage.
The orc warlord is lightly wounded.
The orc warlord hits you!!
Ouch! That really hurt!
You hit the orc warlord but do no damage.
The orc warlord appears confused.
You claw the orc warlord, but do no damage.
The orc warlord is lightly wounded.
The orc warlord howls, "My nostrils!"
You are too injured to fight recklessly!
You are too injured to fight recklessly!
You are too injured to fight recklessly!
You are too injured to fight recklessly!
Okay, then.
Unknown command.
Unknown command.
You hit the orc warlord but do no damage.
The orc warlord is lightly wounded.
Your +7 broad axe hits the orc warlord!
Unknown command.
You hit the orc warlord but do no damage.
The orc warlord is lightly wounded.
The orc warlord ponders the situation.
You hit the orc warlord but do no damage.
You claw the orc warlord, but do no damage.
The orc warlord is lightly wounded.
Your +7 broad axe hits the orc warlord!
Unknown command.
You catch the helpless orc warlord completely off-guard!
You puncture the orc warlord!
You feel better.
You claw the orc warlord, but do no damage.
The orc warlord is moderately wounded.
The orc warlord mumbles something.
The orc warlord hits you!!
Ouch! That really hurt!
You die...

♣......'.....#.........~~'...#
♣∩.∩...)(....#....∩....~~'...#
♣.....(((....#.........~~'...#
♣♣.....#)...##8.8...8.8~##...#
♣....##....#~!........~#....#
♣...##.....#~=.....~#~~#.....
♣≈≈##......##~~~#~~~####.....
♣≈≈#........#########......8.
♣≈≈#..8..8..@.(.....'........
♣≈≈#.........o#~~~~)#........
♣≈≈##.........#~~~()#...8..8.
♣≈≈≈##...8...##~~~~[##.......
♣♣≈≈ ##.....##...)().##.....#
##...##....)....##...##
#####♣♣♣.....♣♣♣##### ♣♣♣∩♣♣♣
♣♣♣


You could see an orc warlord (confused, ally target) and a friendly +7 broad
axe.

Vanquished Creatures
  An unseen horror (D:6)
  A komodo dragon (D:6)
  3 wyverns
  A steam dragon (D:8)
  A water moccasin (D:6)
  4 orc warriors
  2 sky beasts (D:7)
  A black bear (D:7)
  2 centaurs
  A phantom (D:7)
  A kobold brigand (D:8)
  4 bullfrogs
  A necrophage (D:6)
  A scorpion (D:7)
  A wight (D:9)
  4 killer bees (D:9)
  3 howler monkeys
  3 jellies
  4 hounds
  2 orc priests (D:8)
  3 iguanas
  Crazy Yiuf (D:7)
  6 orc wizards
  2 gnolls (Bailey)
  10 adders
  A white imp (D:8)
  An ufetubus (D:6)
  3 worms
  3 dart slugs
  24 orcs
  8 endoplasms
  4 giant cockroaches
  13 goblins
  7 hobgoblins
  2 jackals (D:4)
  21 kobolds
  2 quokkas
  7 ball pythons
  8 bats
  3 frilled lizards
  6 rats
176 creatures vanquished.

Vanquished Creatures (collateral kills)
  2 orc warriors
  An orc (Bailey)
  A bat (D:1)
  A kobold (Bailey)
5 creatures vanquished.

Grand Total: 181 creatures vanquished

Notes
Turn   | Place    | Note
-------+----------+-------------------------------------------
     0 | D:1      | nckisdnvfkl the Spriggan Enchanter began the quest for the
                  | Orb.
     0 | D:1      | Reached XP level 1. HP: 9/9 MP: 5/5
   246 | D:1      | Found Vyve's Antique Weapon Shop.
   256 | D:1      | Reached XP level 2. HP: 13/13 MP: 7/7
   259 | D:1      | Learned a level 2 spell: Ensorcelled Hibernation
   640 | D:1      | You fall into a shaft and drop 1 floor!
  1445 | D:2      | Gained mutation: You are strong-willed. (Will+) [potion of
                  | mutation]
  1445 | D:2      | Gained mutation: You have sharp toenails. [potion of
                  | mutation]
  1730 | D:2      | Reached XP level 3. HP: 16/16 MP: 9/9
  1735 | D:2      | Learned a level 3 spell: Tukima's Dance
  1739 | D:2      | Learned a level 3 spell: Confusing Touch
  2314 | D:1      | Found a faded altar of an unknown god.
  2779 | D:3      | Reached XP level 4. HP: 17/21 MP: 8/11
  2798 | D:3      | Reached skill level 5 in Hexes
  3249 | D:3      | Reached skill level 5 in Spellcasting
  3249 | D:3      | Reached XP level 5. HP: 17/24 MP: 13/13
  3763 | D:4      | Identified the +4 dagger of the Sharing Gods {vamp, rN+
                  | Str+6}
  3967 | D:4      | Reached skill level 5 in Stealth
  4273 | D:4      | Found a burning altar of Makhleb.
  4278 | D:4      | Reached XP level 6. HP: 28/28 MP: 15/15
  4622 | D:4      | Found an ancient bone altar of Kikubaaqudgha.
  4832 | D:5      | Entered Level 5 of the Dungeon
  4837 | D:5      | Learned a level 3 spell: Dazzling Flash
  4839 | D:5      | Learned a level 1 spell: Apportation
  4918 | D:5      | Found Dohenoet's Weapon Shop.
  4940 | D:5      | Found a hazy altar of Hepliaklqana.
  5218 | D:5      | Found a blossoming altar of Fedhas.
  5219 | D:5      | Found a radiant altar of Vehumet.
  5220 | D:5      | Found a glowing golden altar of the Shining One.
  5220 | D:5      | Found an ornate altar of the Wu Jian Council.
  5335 | D:5      | Found a staircase to the Ecumenical Temple.
  5348 | Temple   | Entered the Ecumenical Temple
  5476 | D:5      | Found a sparkling altar of Nemelex Xobeh.
  5705 | D:6      | Reached skill level 6 in Stealth
  5794 | D:6      | Reached XP level 7. HP: 23/32 MP: 17/17
  6134 | D:6      | Reached skill level 7 in Stealth
  6195 | D:6      | Found a bloodstained altar of Trog.
  6201 | D:6      | Found a sacrificial altar of Ru.
  6456 | D:6      | Noticed a komodo dragon
  6466 | D:6      | Killed a komodo dragon
  6467 | D:6      | Reached skill level 8 in Stealth
  6467 | D:6      | Reached XP level 8. HP: 35/36 MP: 20/20
  6499 | D:6      | Noticed an unseen horror
  6505 | D:6      | Killed an unseen horror
  6506 | D:6      | Reached skill level 9 in Stealth
  6737 | D:7      | Found a runed translucent door.
  6738 | D:7      | Noticed Crazy Yiuf
  6745 | D:7      | Killed Crazy Yiuf
  6837 | D:7      | Reached skill level 10 in Stealth
  6907 | D:7      | Reached XP level 9. HP: 39/39 MP: 22/22
  7119 | D:7      | Found a transporter.
  7136 | D:7      | Noticed a moth of wrath
  7396 | D:7      | Found a transporter.
  7640 | D:8      | Reached skill level 11 in Stealth
  7836 | D:8      | Found a shimmering blue altar of Sif Muna.
  7931 | D:8      | Found an opulent altar of Gozag.
  8006 | D:8      | Reached skill level 10 in Hexes
  8047 | D:8      | Found a glowing silver altar of Zin.
  8400 | D:9      | Reached skill level 1 in Fighting
  8443 | D:9      | Reached skill level 10 in Spellcasting
  8471 | D:9      | Found a shadowy altar of Dithmenos.
  8482 | D:9      | Became a worshipper of Dithmenos the Shadowed
  8649 | D:9      | Found a flagged portal.
  8670 | Bailey   | Entered a bailey
  8707 | Bailey   | Noticed an orc warlord
  8852 | Bailey   | Reached skill level 12 in Stealth
  8965 | Bailey   | Reached * piety under Dithmenos
  9052 | Bailey   | Found a runed translucent gate.
  9060 | Bailey   | Found a runed translucent gate.
  9062 | Bailey   | Found a runed translucent gate.
  9198 | Bailey   | Slain by an orc warlord

Illustrated notes

Levels and vault maps discovered:
D:1:      dpeg_arrival_arbitrary_a, layout_loops_ring,
          dreamdust_ecumenical_altar_angels_and_demons, serial_shops,
          nicolae_shop_behind_doors
D:2:      layout_basic, chequers_serial_rivers_micro_b
D:3:      layout_rooms
D:4:      layout_loops_corners, lemuel_crystal_altar, makhleb_heckhound_becter,
          minmay_misc_feat_secret_circle, kennysheep_generic_room_10
D:5:      layout_basic, mainiacjoe_overflow_paths, mainiacjoe_overflow_24_doors,
          mainiacjoe_overflow_alcove_3, temple_hall, serial_shops,
          shop_fountains, hangedman_decor_lopped,
          hangedman_abyss_or_decor_slice, chequers_serial_rivers_micro_c
D:6:      layout_basic, grunt_temple_overflow_open, minmay_manual_mullet
D:7:      layout_basic, gammafunk_ghost_berserking_beasts,
          uniq_crazy_yiuf_cottage
D:8:      layout_gridville, pdpol_temple_overflow_zin_treasury_gozag_greed,
          old_standard_altar
D:9:      layout_rooms, grunt_dithmenos_smoke, serial_shops,
          nicolae_stop_n_shop_2, enter_bailey_3
Temple:   hellmonk_temple_rainy
Bailey:   bailey_axe_bossmonster_kennysheep, bailey

Skill      XL: |  1  2  3  4  5  6  7  8  9 |
---------------+----------------------------+-----
Spellcasting   | 3 4 5 6 7 8 10 | 10.1
Hexes          | 4 5 6 7 9 10 | 10.5
Stealth        | 5 6 8 10 12 | 12.0
Dodging        | 4 |  4.2
Fighting       | 1 |  1.7
Short Blades   | 2 |  2.8

Action                   |  1- 3 |  4- 6 |  7- 9 || total
-------------------------+-------+-------+-------++-------
Melee: Dagger            |   115 |   143 |   212 ||   470
       Kick              |    14 |    33 |    56 ||   103
       Punch             |       |     1 |     2 ||     3
 Cast: Ensorcelled Hiber |     8 |    29 |    45 ||    82
       Confusing Touch   |       |       |     6 ||     6
       Tukima's Dance    |       |       |     9 ||     9
  Use: Scroll            |     4 |    12 |     8 ||    24
       Potion            |     1 |     1 |     2 ||     4
 Stab: Sleeping          |    18 |    24 |    50 ||    92
       Confused          |       |       |     4 ||     4
Armor: Robe              |    14 |    14 |    30 ||    58
Dodge: Dodged            |    83 |    77 |   148 ||   308

Table legend: (Time is in decaauts)
 A = Elapsed time spent in this place.
 B = Non-inter-level travel time spent in this place.
 C = Inter-level travel time spent in this place.
 D = Time resting spent in this place.
 E = Time spent auto-exploring this place.
 F = Levels seen in this place.
 G = Mean time per level.
                   A        B        C        D        E       F      G
               +--------+--------+--------+--------+--------+-----+--------+
         Total |   6969 |   6758 |    211 |    221 |   5314 |  11 |  633.5 |
       Dungeon |   6512 |   6308 |    204 |    172 |   5084 |   9 |  723.6 |
        Temple |     13 |      6 |      7 |      0 |      0 |   1 |   13.0 |
        Bailey |    443 |    443 |      0 |     49 |    229 |   1 |  443.0 |
               +--------+--------+--------+--------+--------+-----+--------+

Top non-repeatable levels by time:
     D:2: 1463 daAuts
     D:3: 815 daAuts
     D:6: 810 daAuts
     D:4: 776 daAuts
     D:7: 708 daAuts
     D:1: 600 daAuts
     D:8: 599 daAuts
     D:5: 508 daAuts
  Bailey: 443 daAuts
     D:9: 228 daAuts
  Temple: 13 daAuts
